 Dungeon Crawl Stone Soup version 0.22-a0-292-g0df9d5f (webtiles) character file.

11029 Amnesiac the Nimble (level 11, -4/67 HPs)
             Began as a Tengu Air Elementalist on Mar 23, 2018.
             Was a Priest of Sif Muna.
             Slain by an ogre
             ... wielding a +0 giant club
              (16 damage)
             ... on level 1 of the Orcish Mines.
             The game lasted 00:26:16 (11604 turns).

Amnesiac the Nimble (Tengu Air Elementalist)       Turns: 11604, Time: 00:26:16

Health: -4/67      AC:  6    Str:  8    XL:     11   Next: 71%
Magic:  0/28       EV: 28    Int: 24    God:    Sif Muna [***...]
Gold:   960        SH:  7    Dex: 18    Spells: 18/30 levels left

rFire    . . .     SeeInvis .   a - staff of air
rCold    . . .     Gourm    .   B - +2 buckler
rNeg     . . .     Faith    .   i - +0 robe
rPois    .         Spirit   +   F - +1 hat "Cam Tutagu" {Int+2}
rElec    +         Reflect  .   (no cloak)
rCorr    .         Harm     .   o - +2 pair of gloves
MR       .....                  (boots unavailable)
Stlth    ++........             j - amulet of guardian spirit
HPRegen  0.21/turn              h - +4 ring of intelligence
MPRegen  0.21/turn              z - +3 ring of evasion

@: flying quickly and evasively, very slightly contaminated, divine energy,
quick
A: beak, talons 3, agile 1, blurry vision 1, high mp 1, able to fly 1
a: Stop Divine Energy, Channel Magic, Renounce Religion


You were on level 1 of the Orcish Mines.
You worshipped Sif Muna.
Sif Muna was most pleased with you.
You were not hungry.

You visited 3 branches of the dungeon, and saw 13 of its levels.
You also visited: Bailey.

You collected 960 gold pieces.

Inventory:

Hand Weapons
 b - a +9 dagger of venom
 y - a +0 blowgun
Armour
 i - a +0 robe (worn)
 o - a +2 pair of gloves (worn)
 B - a +2 buckler (worn)
 F - the +1 hat "Cam Tutagu" (worn) {Int+2}
   (You acquired it on level 1 of the Orcish Mines)

   It affects your intelligence (+2).
Magical Staves
 a - an uncursed staff of air (weapon)
 D - an uncursed staff of wizardry
Jewellery
 h - a +4 ring of intelligence (left hand)
 j - an amulet of guardian spirit (around neck)
 s - an uncursed ring of wizardry
 z - a +3 ring of evasion (right hand)
Wands
 k - a wand of acid (22)
 m - a wand of flame (64)
 H - a wand of disintegration (13)
 K - a wand of iceblast (5)
Scrolls
 e - 5 scrolls of teleportation {!r}
 n - 8 scrolls of identify {!r}
 q - a scroll of amnesia {!r}
 w - 2 scrolls of enchant armour {!r}
 C - 5 scrolls of remove curse {!r}
 G - a scroll of blinking {!r}
 I - 2 scrolls of fog {!r}
 M - 2 scrolls of enchant weapon {!r}
Potions
 d - 3 potions of flight {!q}
 g - 2 potions of curing {!q}
 l - 4 potions of brilliance {!q}
 p - a potion of ambrosia {!q}
 r - a potion of might {!q}
 t - a potion of berserk rage {!q}
 u - 4 potions of haste {!q}
 v - 2 potions of magic {!q}
 A - a potion of cancellation {!q}
 E - a potion of resistance {!q}
 J - 2 potions of agility {!q}
Comestibles
 c - 10 rations


   Skills:
 - Level 7.0 Fighting
 - Level 11.0 Dodging
 - Level 2.0 Stealth
 - Level 4.0 Shields
 * Level 10.0 Spellcasting
 - Level 1.3 Conjurations
 + Level 10.3 Air Magic


You had 18 spell levels left.
You knew the following spells:

 Your Spells              Type           Power        Failure   Level  Hunger
a - Airstrike             Air            #######...   1%          4    #......
c - Swiftness             Chrm/Air       ######..     1%          2    None
d - Lightning Bolt        Conj/Air       ######....   13%         5    ####...
z - Confusing Touch       Hex            ##....       5%          1    None


Dungeon Overview and Level Annotations

Branches:
Dungeon (10/15)            Temple (1/1) D:5            Lair (0/6) D:10
    Orc (2/2) D:10            Elf (0/3) Orc:2

Altars:
Ashenzari
Cheibriados
Elyvilon
Fedhas
Hepliaklqana
Kikubaaqudgha
Makhleb
Okawaru
Qazlal
Ru
Sif Muna
Trog
Uskayaw
Vehumet
Xom
Zin
The Shining One

Shops:
D:5 }   D:10 =


Innate Abilities, Weirdness & Mutations

You have a beak for a mouth.
You have claws for feet.
You can fly.
You are agile. (Dex +2)
Scrolls take you a little longer to read.
You have an increased reservoir of magic. (+10% MP)


Message History

Confirm with . or Enter, or press ? or * to list all spells.
You don't know that spell.
Casting: Airstrike (safe; 1% risk of failure)
Confirm with . or Enter, or press ? or * to list all spells.
Okay, then.
Adjust (i)tems, (s)pells, or (a)bilities?
Adjust which spell? b - Lightning Bolt Adjust to which letter? d - Lightning Bolt
Casting: Airstrike (safe; 1% risk of failure)
Confirm with . or Enter, or press ? or * to list all spells.
Aiming: Lightning Bolt (slightly dangerous; 13% risk of failure)
Press: ? - help, Shift-Dir - straight line You feel a surge of power!
You hear a mighty clap of thunder!
The bolt of lightning hits the hell hound.
You kill the hell hound!
Sif Muna accepts your kill. The hell hound barely misses you.
Unknown command.
Casting: Lightning Bolt (slightly dangerous; 13% risk of failure)
Confirm with . or Enter, or press ? or * to list all spells.
Aiming: Lightning Bolt (slightly dangerous; 13% risk of failure)
Press: ? - help, Shift-Dir - straight line You feel a surge of power!
You miscast Lightning Bolt.
Nothing appears to happen.
Sif Muna grants you divine energy.
You briefly lose access to your magic!
You block the hell hound's attack.
The hell hound bites you but does no damage.
There is a deep roar from within the tunnel.
Moments later, a river of lava pours forth, sealing it permanently.
You block the hell hound's attack.
There is a collapsed entrance here.
You can't go down here!
You can't go up here!
Unknown command.
The hell hound misses you. You block the hell hound's attack.
The hell hound breathes flames at you. The blast of flame misses you.
There is a collapsed entrance here.
The hell hound misses you. The orc warrior misses you.
Really read
e - 6 scrolls of teleportation {!r}?
Really read with blurry vision while enemies are nearby?
You block the hell hound's attack. The ogre hits you with a giant club!
The orc completely misses you.
You begin reading the scroll.
You continue reading the scroll.
You block the hell hound's attack. The orc warrior closely misses you.
You block the hell hound's attack. You block the ogre's attack.
As you read the scroll of teleportation {!r}, it crumbles to dust.
You feel strangely unstable.
You regain access to your magic.
The orc closely misses you. You block the hell hound's attack.
The orc warrior barely misses you. The hell hound breathes flames at you.
The blast of flame hits you!
* * * LOW HITPOINT WARNING * * *
You block the ogre's attack. You block the orc's attack.
The hell hound bites you!
* * * LOW HITPOINT WARNING * * *
Your surroundings suddenly seem different.
The orc wizard shouts!
The orc shouts! x2; You hear a shout! x2
The orc hits you but does no damage. The ogre hits you with a giant club!!
You die...

#......#.....##
####.O#.........#
##.#.O...........#
#...o..#......#.##
##.#....##..$...##
##..............#
###.#......>...##
##.###o$........##
#....@..#.#$.....#
##....O###.#.....#
####o.o.........##
##.###............#
#......o....#.....#
##......o........##
###.............##
##...#.........#
##.#.....#...##


You could see an orc warrior, 2 ogres, an orc wizard and 3 orcs.

Vanquished Creatures
  An orc warlord (Bailey)
  An orc high priest (Orc:2)
  An orc knight (Bailey)
  An orc sorcerer (Orc:2)
  A gargoyle (D:10)
  4 trolls (D:10)
  Grinder (D:6)
  Prince Ribbit (D:6)
  Sigmund (D:2)
  7 yaks
  A warg (Orc:2)
  Duvessa (D:5)
  A hell hound (Orc:1)
  2 ice beasts
  6 orc warriors
  A sky beast (D:5)
  2 phantoms
  8 ogres
  2 necrophages
  6 wolves (D:10)
  2 centaurs
  2 bullfrogs
  A gnoll sergeant (D:5)
  Dowan (D:5)
  A wyvern zombie (D:9)
  A water moccasin skeleton (D:10)
  A wyvern skeleton (D:7)
  3 scorpions
  8 killer bees (D:8)
  A howler monkey (D:7)
  An electric eel (D:10)
  6 hounds
  4 crimson imps
  A centaur skeleton (D:5)
  6 jellies
  A gnoll shaman (D:7)
  10 orc priests
  13 orc wizards
  5 iguanas
  7 worker ants
  2 worker ant zombies
  10 adders
  10 gnolls
  An adder zombie (D:9)
  2 adder skeletons
  4 worms
  44 orcs
  2 ball pythons
  9 giant cockroaches
  16 goblins
  6 hobgoblins
  18 jackals
  21 kobolds
  4 quokkas
  7 bats
  8 frilled lizards
  A jackal skeleton (D:8)
  A jackal zombie (D:5)
  10 rats
300 creatures vanquished.

Notes
Turn   | Place    | Note
-------+----------+-------------------------------------------
     0 | D:1      | Amnesiac the Tengu Air Elementalist began the quest for the Orb.
     0 | D:1      | Reached XP level 1. HP: 10/10 MP: 4/4
   310 | D:1      | Reached XP level 2. HP: 16/16 MP: 0/6
   879 | D:1      | Reached XP level 3. HP: 20/20 MP: 7/7
  1186 | D:2      | Reached skill level 3 in Dodging
  1289 | D:2      | Noticed Sigmund
  1335 | D:2      | Reached skill level 1 in Fighting
  1458 | D:2      | Killed Sigmund
  1458 | D:2      | Reached skill level 4 in Dodging
  1458 | D:2      | Reached XP level 4. HP: 10/26 MP: 2/9
  1458 | D:2      | Gained mutation: You can fly. [Tengu growth]
  1458 | D:2      | Reached XP level 5. HP: 11/30 MP: 2/10
  1584 | D:2      | Learned a level 4 spell: Airstrike
  1585 | D:2      | Found an ancient bone altar of Kikubaaqudgha.
  2025 | D:3      | Reached XP level 6. HP: 26/36 MP: 8/11
  2058 | D:3      | Learned a level 5 spell: Lightning Bolt
  2061 | D:3      | Learned a level 2 spell: Swiftness
  2222 | D:3      | Found a sacrificial altar of Ru.
  2347 | D:3      | Found a white marble altar of Elyvilon.
  2347 | D:3      | Found a glowing golden altar of the Shining One.
  2362 | D:3      | You fall through a shaft for 2 floors!
  2362 | D:5      | Entered Level 5 of the Dungeon
  2417 | D:5      | Noticed an ice beast
  2719 | D:6      | Found a blossoming altar of Fedhas.
  2866 | D:5      | Found a hide-covered altar of Uskayaw.
  2905 | D:6      | Noticed Prince Ribbit
  2914 | D:6      | Killed Prince Ribbit
  2914 | D:6      | Reached skill level 5 in Dodging
  2914 | D:6      | Reached skill level 5 in Air Magic
  2987 | D:6      | Noticed Grinder
  2989 | D:6      | Paralysed by Grinder for 6 turns
  3010 | D:5      | Reached XP level 7. HP: 30/40 MP: 2/13
  3024 | D:5      | Noticed Duvessa
  3038 | D:5      | Noticed Dowan
  3067 | D:6      | Paralysed by Grinder for 5 turns
  3077 | D:6      | Killed Grinder
  3777 | D:7      | Reached skill level 6 in Dodging
  3795 | D:7      | Found a flagged portal.
  3962 | D:7      | Reached XP level 8. HP: 40/46 MP: 3/15
  4057 | D:7      | Found a burning altar of Makhleb.
  4326 | Bailey   | Entered a bailey
  4329 | Bailey   | Learned a level 1 spell: Confusing Touch
  4334 | Bailey   | Noticed an orc warlord
  4580 | Bailey   | Noticed an orc knight
  4809 | Bailey   | Killed an orc knight
  4809 | Bailey   | Reached skill level 7 in Dodging
  4847 | Bailey   | Found a runed gate.
  4849 | Bailey   | Found a runed gate.
  4850 | Bailey   | Found a runed gate.
  4878 | Bailey   | Reached XP level 9. HP: 46/52 MP: 12/17
  5125 | Bailey   | Killed an orc warlord
  5125 | Bailey   | Reached skill level 5 in Fighting
  5125 | Bailey   | Reached skill level 9 in Dodging
  5125 | Bailey   | Reached skill level 5 in Spellcasting
  6063 | D:8      | Reached skill level 10 in Dodging
  6063 | D:8      | Reached XP level 10. HP: 60/60 MP: 7/20
  6271 | D:5      | Found Ycug's Gadget Boutique.
  6644 | D:5      | HP: 2/61 [Duvessa/wand of flame (19) (6)]
  6646 | D:5      | Killed Duvessa
  6648 | D:5      | Killed Dowan
  6932 | D:5      | Found a staircase to the Ecumenical Temple.
  7597 | Temple   | Entered the Ecumenical Temple
  7605 | Temple   | Became a worshipper of Sif Muna the Loreminder
  8527 | D:8      | Reached skill level 11 in Dodging
  8678 | D:8      | Reached * piety under Sif Muna
  8965 | D:8      | Gained mutation: Scrolls take you a little longer to read. [potion of mutation]
  8965 | D:8      | Gained mutation: You have an increased reservoir of magic. (+10% MP) [potion of mutation]
  8965 | D:8      | Gained mutation: You are agile. (Dex +2) [potion of mutation]
  8968 | D:8      | Identified 2 scrolls of acquirement {!r}
  9228 | D:9      | Reached skill level 1 in Shields
  9514 | D:9      | Reached XP level 11. HP: 61/67 MP: 0/26
  9677 | D:9      | Found a shattered altar of Ashenzari.
  9874 | D:10     | Entered Level 10 of the Dungeon
  9878 | D:10     | Found a staircase to the Orcish Mines.
 10017 | D:10     | Found Oboatisch's Jewellery Boutique.
 10274 | D:10     | Reached ** piety under Sif Muna
 10586 | D:10     | Found a staircase to the Lair.
 10833 | Orc:1    | Entered Level 1 of the Orcish Mines
 11236 | Orc:2    | Entered Level 2 of the Orcish Mines
 11236 | Orc:2    | Noticed an orc sorcerer
 11239 | Orc:2    | Noticed an orc high priest
 11239 | Orc:2    | Paralysed by an orc sorcerer for 3 turns
 11242 | Orc:2    | Killed an orc sorcerer
 11242 | Orc:2    | Reached skill level 10 in Air Magic
 11253 | Orc:1    | Got a distressingly furry hat
 11259 | Orc:1    | Identified the +1 hat "Cam Tutagu" {Int+2} (You acquired it on level 1 of the Orcish Mines)
 11271 | Orc:1    | Got a pair of smoking gloves
 11282 | Orc:1    | Identified the +0 pair of gloves "Kiukipri" {Str+5} (You acquired it on level 1 of the Orcish Mines)
 11299 | Orc:2    | Killed an orc high priest
 11299 | Orc:2    | Reached *** piety under Sif Muna
 11364 | Orc:2    | Found a staircase to the Elven Halls.
 11420 | Orc:2    | Reached skill level 10 in Spellcasting
 11585 | Orc:1    | Found a dark tunnel.
 11604 | Orc:1    | Slain by an ogre

Vault maps used:
D:1:      dpeg_arrival_subterranean_lakeside_camping, serial_forest,
          infiniplex_forest_corner_1, infiniplex_forest_lined_2,
          infiniplex_forest_lined_2, infiniplex_forest_straight_2,
          infiniplex_forest_lined_3, infiniplex_forest_lined_1,
          infiniplex_forest_clump_medium, supply_closet_lemuel
D:2:      kiku_gazebo_garden_becter, first_ration, uniq_sigmund
D:3:      gammafunk_temple_overflow_wave, nicolae_overflow_crystal_walls
D:5:      nicolae_overflow_hidden_temple, minmay_temple_entry_fiery,
          serial_shops, shop, uniq_duvessa
D:6:      fedhas_altar_1, uniq_prince_ribbit1, uniq_grinder
D:7:      makhleb_grotto_becter, enter_bailey_3
D:9:      kennysheep_little_box
D:10:     erik_lair_island, orc_0_dummy, serial_shops, shop
Temple:   eino_narrow_crystal_temple
Orc:1:    enter_volcano_3, nicolae_orc_crystal_geode
Orc:2:    st_orc_congregation, nicolae_orc_flooded_monolith
Bailey:   bailey_axe_bossmonster_kennysheep, bailey

Skill      XL: |  1  2  3  4  5  6  7  8  9 10 11 |
---------------+----------------------------------+-----
Dodging        | 4 5 6 7 10 11 | 11.0
Fighting       | 2 3 4 6 7 |  7.0
Spellcasting   | 3 4 6 8 10 | 10.0
Air Magic      | 5 6 8 10 | 10.3
Shields        | 3 4 |  4.0
Stealth        | |  2.0
Conjurations   | |  1.3

Action                   |  1- 3 |  4- 6 |  7- 9 | 10-12 || total
-------------------------+-------+-------+-------+-------++-------
Melee: Unarmed           |    20 |       |     7 |       ||    27
       Peck              |     7 |     5 |    17 |    28 ||    57
       Dagger            |    45 |    55 |    92 |   181 ||   373
       Kick              |     8 |    13 |    25 |    40 ||    86
       Staff             |       |       |       |     2 ||     2
 Cast: Shock             |    32 |       |       |       ||    32
       Airstrike         |       |     5 |    51 |   231 ||   287
       Confusing Touch   |       |       |     4 |       ||     4
       Lightning Bolt    |       |       |       |     1 ||     1
Invok: Divine Energy     |       |       |       |     1 ||     1
 Abil: Fly               |       |     1 |     7 |     4 ||    12
Evoke: Wand              |       |       |     7 |       ||     7
  Use: Scroll            |     3 |     6 |     2 |    16 ||    27
       Potion            |     2 |       |     6 |     4 ||    12
 Stab: Sleeping          |     6 |     4 |     2 |     4 ||    16
  Eat: Chunk             |     2 |     7 |    10 |    32 ||    51
       Ration            |       |       |     2 |     1 ||     3
Armor: Robe              |     9 |    10 |     9 |    33 ||    61
       Skin              |     2 |       |     6 |    18 ||    26
Dodge: Dodged            |    44 |    32 |    99 |   352 ||   527
Block: Buckler           |       |       |       |    70 ||    70

Table legend:
 A = Spawn XP
 B = Non-spawn XP
 C = Spawn XP percentage of total XP
 D = Spawn monster count
 E = Non-spawn monster count
 F = Spawn count percentage of total count
 G = Total turns spent on level
                    A         B        C        D         E        F      G
               +---------+---------+-------+---------+---------+-------+---------
         Total |       0 |   15756 |   0.0 |       0 |     300 |   0.0 | 11604
               +---------+---------+-------+---------+---------+-------+---------
           D:1 |       0 |      39 |   0.0 |       0 |      25 |   0.0 |  1164
           D:2 |       0 |     276 |   0.0 |       0 |      25 |   0.0 |   875
           D:3 |       0 |      41 |   0.0 |       0 |      15 |   0.0 |   559
           D:4 |       0 |     356 |   0.0 |       0 |      20 |   0.0 |   493
           D:5 |       0 |    1184 |   0.0 |       0 |      35 |   0.0 |  1539
           D:6 |       0 |     575 |   0.0 |       0 |       5 |   0.0 |  1322
           D:7 |       0 |    1163 |   0.0 |       0 |      34 |   0.0 |  1543
           D:8 |       0 |    2394 |   0.0 |       0 |      39 |   0.0 |   863
           D:9 |       0 |     887 |   0.0 |       0 |      23 |   0.0 |   660
          D:10 |       0 |    4219 |   0.0 |       0 |      35 |   0.0 |  1211
         Orc:1 |       0 |     274 |   0.0 |       0 |       8 |   0.0 |   354
         Orc:2 |       0 |    1835 |   0.0 |       0 |       9 |   0.0 |   165
        Bailey |       0 |    2513 |   0.0 |       0 |      27 |   0.0 |   839
               +---------+---------+-------+---------+---------+-------+---------
